 Dungeon Crawl Stone Soup version 0.31-a0-948-gf5be29c462 (webtiles) character file.

Game seed: 2333910065331152759

4664 Dirtsage the Cleaver (level 10, -1/70 HPs)
             Began as a Demonspawn Fighter on Oct 21, 2023.
             Was a Believer of Okawaru.
             Constricted to death by a larval stingweird beast (5 damage)
             ... on level 7 of the Dungeon.
             The game lasted 00:12:54 (8145 turns).

Dirtsage the Cleaver (Demonspawn Fighter)           Turns: 8145, Time: 00:12:55

Health: -1/70      AC: 11    Str: 22    XL:     10   Next: 20%
Magic:  10/10      EV:  5    Int:  9    God:    Okawaru [**....]
Gold:   270        SH:  4    Dex: 12    Spells: 9/9 levels left

rFire   + . .        a - +1 war axe
rCold   + . .        c - +0 buckler
rNeg    . . .        x - +0 chain mail
rPois   .            k - +1 hat {Will+}
rElec   .            m - scarf {rC+ rF+}
rCorr   .            (no gloves)
SInv    .            (no boots)
Will    ++...        n - amulet of faith Stlth
                     z - ring of willpower
HPRegen 0.31/turn    (no ring)
MPRegen 0.12/turn

%: faith
@: constricted
A: sharp scales 2, weakness stinger 1
a: Renounce Religion, Heroism


You were on level 7 of the Dungeon.
You worshipped Okawaru.
Okawaru was pleased with you.
You visited 2 branches of the dungeon, and saw 8 of its levels.
You also visited: Sewer.

You collected 332 gold pieces.
You spent 62 gold pieces at shops.

Inventory:

Hand Weapons
 a - a +1 war axe (weapon)
Missiles
 v - a curare-tipped dart
Armour
 b - a +0 scale mail
 c - a +0 buckler (worn)
 k - a +1 hat of willpower (worn)
 m - a scarf of resistance (worn)
 x - a +0 chain mail (worn)
Magical Staves
 j - a staff of earth
Jewellery
 n - an amulet of faith (around neck)
 z - a ring of willpower (left hand)
Wands
 s - a wand of flame (11)
Scrolls
 e - 3 scrolls of enchant weapon
 f - 3 scrolls of enchant armour
 g - 2 scrolls of amnesia
 r - 4 scrolls of revelation
 t - 2 scrolls of teleportation
 u - 3 scrolls of immolation
Potions
 d - 3 potions of might
 h - 4 potions of haste
 l - a potion of brilliance {unknown}
 p - 2 potions of mutation
 q - 3 potions of curing
 w - a potion of cancellation
 y - a potion of enlightenment


   Skills:
 - Level 3.0 Fighting
 + Level 13.7 Axes
 - Level 2.6 Armour
 - Level 2.6 Shields


You had 9 spell levels left.
You didn't know any spells.
Your spell library contained the following spells:

 Spells                   Type           Power      Damage    Failure   Level
 Apportation              Tloc           0%         N/A       98%         1
 Freeze                   Ice            0%         1d3       98%         1
 Jinxbite                 Hex            0%         N/A       99%         2
 Dazzling Flash           Conj/Hex       0%         N/A       100%        3
 Frozen Ramparts          Ice            0%         1d1       100%        3
 Hailstorm                Conj/Ice       0%         3d3       100%        3
 Stone Arrow              Conj/Erth      0%         3d7       100%        3
 Volatile Blastmotes      Fire/Tloc      0%         2d10      100%        3
 Alistair's Intoxication  Tmut/Pois      0%         N/A       100%        5
 Starburst                Conj/Fire      0%         6d3       100%        6
 Lehudib's Crystal Spear  Conj/Erth      0%         10d2      100%        8
 Maxwell's Capacitive Co  Air            0%         ∞         100%        8
 Animate Armour           Summ/Erth      Unusable   N/A       N/A         4

Dungeon Overview and Level Annotations

Branches:
Dungeon (7/15)             Temple (1/1) D:5           Sewer (visited)

Altars:
Ashenzari
Cheibriados
Dithmenos
Fedhas
Gozag
Hepliaklqana
Kikubaaqudgha
Makhleb
Nemelex Xobeh
Okawaru
Qazlal
Sif Muna
Trog
Uskayaw
Vehumet
Wu Jian
Xom
Yredelemnul

Shops:
D:5 [   D:6 *


Innate Abilities, Weirdness & Mutations

You are mostly covered in razor-sharp scales. (AC +2, Slay +2)
You have a small tail.


Message History

The juvenile stingox beast tramples you but does no damage.
You regained 7 hp, and now have 13/70 hp.
You hit the juvenile stingox beast.
You kill the juvenile stingox beast!
Okawaru accepts your kill.
The larval stingweird beast stings you but does no damage.
Items here: $ ) [ †.
The larval stingweird beast hits you.
* * * LOW HITPOINT WARNING * * *
The larval stingweird beast stings you but does no damage.
The larval stingweird beast closely misses you.
You take 1 damage, and have 13/70 hp.
You barely miss the larval stingweird beast.
You tail-slap the larval stingweird beast, but do no damage.
The larval stingweird beast hits you but does no damage.
The larval stingweird beast stings you but does no damage.
The larval stingweird beast barely misses you.
You hit the larval stingweird beast.
You tail-slap the larval stingweird beast.
The larval stingweird beast is moderately wounded.
The larval stingweird beast hits you but does no damage.
The larval stingweird beast barely misses you.
The larval stingweird beast grabs you.
The larval stingweird beast constricts you.
* * * LOW HITPOINT WARNING * * *
You hit the larval stingweird beast but do no damage.
The larval stingweird beast is moderately wounded.
You block the larval stingweird beast's attack.
The larval stingweird beast stings you.
* * * LOW HITPOINT WARNING * * *
The larval stingweird beast constricts you.
* * * LOW HITPOINT WARNING * * *
You take 5 damage, and have 8/70 hp.
You slash the larval stingweird beast!
The larval stingweird beast is almost dead.
The larval stingweird beast hits you.
* * * LOW HITPOINT WARNING * * *
The larval stingweird beast barely misses you.
The larval stingweird beast constricts you.
You die...

.# #.####.# .#
#.##...# .#
.#######.##...########
.#
.........##..........#
.##.
#.........#######.#
.... #########.# ####
########)#
#........###
#.######)@H# #†#.###
#.#...# ###†..#
#..#?.# .......#
...#.#.# ..........
.../. ..?.


You could see a larval stingweird beast.

Vanquished Creatures
  Pikel (D:6)
  Maggie (D:7)
  Grinder (D:5)
  Eustachio (D:4)
  A water moccasin (D:6)
  An orc warrior (D:7)
  4 black bears
  2 ice beasts (D:7)
  3 sky beasts
  2 ogres (D:5)
  2 phantoms (D:5)
  7 kobold brigands
  2 bullfrogs
  2 scorpions (D:5)
  5 mutant beasts (D:7)
  3 killer bees (D:6)
  A howler monkey (D:7)
  2 electric eels (D:3)
  2 gnoll boudas (D:6)
  2 hounds
  7 orc priests
  A sleepcap (D:4)
  7 iguanas
  2 orc wizards (D:5)
  9 adders
  3 river rats (Sewer)
  A shadow imp (D:6)
  2 white imps
  3 worms
  A dart slug (D:2)
  22 orcs
  4 ball pythons
  16 bats
  14 endoplasms
  6 giant cockroaches
  10 goblins
  7 hobgoblins
  10 quokkas
  4 frilled lizards
  20 kobolds
  12 rats
206 creatures vanquished.

Notes
Turn   | Place    | Note
-------+----------+-------------------------------------------
     0 | D:1      | Dirtsage the Demonspawn Fighter began the quest for the
                  | Orb.
     0 | D:1      | Reached XP level 1. HP: 18/18 MP: 1/1
    63 | D:1      | Reached skill level 2 in Axes
   219 | D:1      | Gained mutation: You are partially covered in razor-sharp
                  | scales. (AC +1, Slay +1) [demonic ancestry]
   219 | D:1      | Reached XP level 2. HP: 18/24 MP: 2/2
   373 | D:1      | Reached skill level 3 in Axes
   658 | D:1      | Reached XP level 3. HP: 27/29 MP: 3/3
   671 | D:1      | Found Ocuet's General Store.
  1057 | D:2      | Found a shadowy altar of Dithmenos.
  1090 | D:2      | Reached skill level 4 in Axes
  1090 | D:2      | Reached XP level 4. HP: 8/35 MP: 4/4
  1887 | D:3      | Found a transporter.
  1901 | D:3      | Found a transporter.
  1990 | D:3      | Reached XP level 5. HP: 25/41 MP: 5/5
  2081 | D:3      | Found a stormy altar of Qazlal.
  2085 | D:3      | Found a broken altar of Ashenzari.
  2210 | D:3      | Found a sparkling altar of Nemelex Xobeh.
  2353 | D:3      | Reached skill level 5 in Axes
  2611 | D:4      | Identified the +3 dagger of Qeyrhel {holy, Str+2 Dex+6}
  2662 | D:4      | Noticed a black bear
  2672 | D:4      | Killed a black bear
  2673 | D:4      | Reached skill level 6 in Axes
  2673 | D:4      | Gained mutation: You are mostly covered in razor-sharp
                  | scales. (AC +2, Slay +2) [demonic ancestry]
  2673 | D:4      | Reached XP level 6. HP: 27/47 MP: 6/6
  2866 | D:4      | Noticed Eustachio
  2873 | D:4      | Killed Eustachio
  3009 | D:4      | Reached skill level 7 in Axes
  3009 | D:4      | Reached XP level 7. HP: 24/52 MP: 7/7
  3397 | D:4      | HP: 1/52 [bullfrog (7)]
  3739 | D:5      | Entered Level 5 of the Dungeon
  3809 | D:5      | Found a glowing drain.
  3822 | Sewer    | Entered a sewer
  4074 | Sewer    | Reached skill level 8 in Axes
  4494 | Sewer    | Reached XP level 8. HP: 40/58 MP: 8/8
  4735 | Sewer    | Reached skill level 9 in Axes
  4909 | D:5      | Noticed Grinder
  4932 | D:5      | Killed Grinder
  4933 | D:5      | Reached skill level 10 in Axes
  5159 | D:5      | Found Eurybarus's Dragon-Slaying Spoils.
  5210 | D:5      | Found a staircase to the Ecumenical Temple.
  5270 | Temple   | Entered the Ecumenical Temple
  5290 | Temple   | Became a worshipper of Warmaster Okawaru
  5644 | D:5      | Reached skill level 11 in Axes
  5644 | D:5      | Reached XP level 9. HP: 23/63 MP: 9/9
  6052 | D:6      | Found a snail-covered altar of Cheibriados.
  6107 | D:6      | Found Tuywapi's Assorted Antiques.
  6117 | D:6      | Bought a scroll labelled WIOGRE ZAEDERILU for 31 gold
                  | pieces
  6117 | D:6      | Bought a scroll labelled REOC YKHOSU for 31 gold pieces
  6450 | D:6      | Reached * piety under Okawaru
  6888 | D:6      | Noticed Pikel
  6908 | D:6      | Killed Pikel
  6909 | D:6      | Reached skill level 12 in Axes
  7680 | D:7      | Reached skill level 13 in Axes
  7748 | D:7      | Reached ** piety under Okawaru
  7947 | D:7      | Noticed Maggie
  7955 | D:7      | Gained mutation: You have a small tail. [demonic ancestry]
  7955 | D:7      | Reached XP level 10. HP: 55/70 MP: 10/10
  7964 | D:7      | Killed Maggie
  7970 | D:7      | Noticed a juvenile stingox beast
  8139 | D:7      | Killed a juvenile stingox beast
  8145 | D:7      | Constricted to death by a larval stingweird beast

Illustrated notes

Levels and vault maps discovered:
D:1:      evilmike_arrival_hilbert_curve, layout_basic, serial_shops, shop
D:2:      minmay_chambers_of_twos, layout_basic, basic_altar
D:3:      gammafunk_steamed_eel, layout_loops_ring, nemelex_dance_club_becter,
          grunt_temple_overflow_diamond, kennysheep_orc_chapel
D:4:      layout_gridville, uniq_eustachio
D:5:      layout_rooms, minmay_temple_entry_purple_smoke, gup_sewer_entry_pipe,
          minmay_misc_feat_alley, nicolae_shop_dragon_depot, minivault_4,
          uniq_grinder
D:6:      layout_loops_cross, lemuel_doored_altar, serial_shops,
          nicolae_shop_tiny_glass, st_stairs_14, roderic_batcave,
          kennysheep_diamond, uniq_pikel
D:7:      layout_loops_ring, nicolae_ru_the_path_less_chosen,
          nicolae_beast_mode, uniq_maggie
Temple:   kb_temple_of_zot

Skill      XL: |  1  2  3  4  5  6  7  8  9 |
---------------+----------------------------+-----
Axes           | 2 3 4 6 7 8 11 13 | 13.7
Fighting       | |  3.0
Armour         | |  2.6
Shields        | |  2.6

Action                     |  1- 3 |  4- 6 |  7- 9 | 10-12 || total
---------------------------+-------+-------+-------+-------++-------
  Melee: War axe           |   138 |   128 |   490 |    48 ||   804
         Tailslap          |       |       |       |    10 ||    10
  Throw: Dart              |       |       |     1 |       ||     1
 Invoke: Heroism           |       |       |       |     1 ||     1
  Evoke: Wand              |       |     2 |       |       ||     2
    Use: Scroll            |       |       |    16 |       ||    16
         Potion            |       |       |       |     3 ||     3
 Armour: Scale mail        |   104 |   116 |   103 |       ||   323
         Chain mail        |       |       |   234 |    76 ||   310
  Dodge: Dodged            |    61 |    72 |   168 |    25 ||   326
  Block: Buckler           |    38 |    29 |    77 |    11 ||   155

Table legend: (Time is in decaauts)
 A = Elapsed time spent in this place.
 B = Non-inter-level travel time spent in this place.
 C = Inter-level travel time spent in this place.
 D = Time resting spent in this place.
 E = Time spent auto-exploring this place.
 F = Levels seen in this place.
 G = Mean time per level.
                   A        B        C        D        E       F      G
               +--------+--------+--------+--------+--------+-----+--------+
         Total |   8397 |   8226 |    171 |     47 |   6526 |   9 |  933.0 |
       Dungeon |   7199 |   7066 |    133 |     47 |   5633 |   7 | 1028.4 |
        Temple |     40 |      2 |     38 |      0 |      0 |   1 |   40.0 |
         Sewer |   1157 |   1157 |      0 |      0 |    892 |   1 | 1157.0 |
               +--------+--------+--------+--------+--------+-----+--------+

Top non-repeatable levels by time:
     D:6: 1377 daAuts
     D:5: 1247 daAuts
     D:4: 1242 daAuts
   Sewer: 1157 daAuts
     D:1: 962 daAuts
     D:3: 863 daAuts
     D:2: 766 daAuts
     D:7: 739 daAuts
  Temple: 40 daAuts
